AoeStats
← Nefurious Weasel

Four Lakes

509270073Analyzed
1v1 RM · 7d ago on Sep 26, 2026· 31m 2s· 2 players
Game mode
Random Map
Map size
Tiny (2 player)
Population
200
Speed
Normal
Resources
Standard
Victory
Conquest
Starting age
Dark Age
Ending age
Imperial Age
RankedLock teamsTeams togetherTeam positionsShared explorationLock speedFull tech treeHidden civsTurbo modeCheats
Victory
Defeat
🇨🇷 Wu · Costa Rica
924
+15
🇺🇸 Persians · United States
900
-42
Nefurious Weasel
8:18 Loom
12:28 Feudal Age
14:11 Double-Bit Axe
25:08 Castle Age
24:34 Fletching
30:41 Bodkin Arrow
Yoakin1298
7:01 Loom
9:43 Feudal Age
18:38 Castle Age
23:03 Forging
23:46 Scale Mail Armor
24:29 Squires
25:00 Chain Mail Armor
27:07 Iron Casting
27:08 Arson
28:21 Horse Collar
28:29 Double-Bit Axe
Connection lost

Rejoining the realm…

Still unreachable

The connection could not be restored.

Session expired

The server has moved on; the page needs a fresh start.